[Event "11th LCC Rapid 2019"]
[Site "London"]
[Date "2019.12.07"]
[Round "4.5"]
[White "Eames, Robert S"]
[Black "Haydon, David L"]
[Result "0-1"]
[WhiteElo "2150"]
[BlackElo "2294"]
[PlyCount "84"]
[EventDate "2019.12.08"]
[EventType "swiss"]
[EventCountry "ENG"]
[TimeControl "15+10"]
[WhiteClock "0:09:49"]
[BlackClock "0:01:23"]

1. e4 c6 2. d4 d5 3. e5 Bf5 4. h4 h5 5. Bd3 Bxd3 6. Qxd3 e6 7. Bg5 Qb6 8. Nd2 Ne7 9. Ngf3 Nf5 10. O-O Nd7 11. c4 dxc4 12. Nxc4 Qa6 13. Rfd1 Nb6 14. b3 Bb4 15. a3 Be7 16. a4 Rd8 17. a5 Nd5 18. Rac1 Bxg5 19. hxg5 O-O 20. g6 fxg6 21. Ng5 Nf4 22. Qe4 Rxd4 23. Rxd4 Nxd4 24. Rd1 c5 25. g3 Nfe2+ 26. Kg2 Rf5 27. f4 Nc3 28. Qd3 Nxd1 29. Qxd1 Rxg5 30. fxg5 Qc6+ 31. Kf2 Qe4 32. Nd6 Qxe5 33. Nxb7 Qxg5 34. b4 Qf6+ 35. Kg2 cxb4 36. Nc5 Qe5 37. Nd3 Qd5+ 38. Kf2 Qxa5 39. Nf4 Qc5 40. Kg2 e5 41. Nd3 Qd5+ 42. Kf2 a5 0-1

[Event "11th LCC Rapid 2019"]
[Site "London"]
[Date "2019.12.07"]
[Round "4.6"]
[White "Ilfeld, Etan"]
[Black "Johnson, Daniel"]
[Result "0-1"]
[WhiteElo "2188"]
[BlackElo "2144"]
[PlyCount "64"]
[EventDate "2019.12.08"]
[EventType "swiss"]
[EventCountry "ENG"]
[TimeControl "15+10"]
[WhiteClock "0:00:25"]
[BlackClock "0:00:28"]

1. e4 e5 2. Nf3 Nc6 3. Bc4 Bc5 4. c3 Nf6 5. b4 Bb6 6. d3 d6 7. O-O O-O 8. a4 a6 9. Bg5 h6 10. Bh4 Be6 11. Ba2 g5 12. Nxg5 hxg5 13. Bxg5 Kg7 14. h4 Qd7 15. Nd2 Ng4 16. Nc4 Ba7 17. Qe2 f6 18. Bd2 Rh8 19. g3 Rag8 20. Kg2 Kf8 21. f3 Nh6 22. Rh1 Rxg3+ 23. Kxg3 Qg7+ 24. Bg5 fxg5 25. h5 g4 26. f4 exf4+ 27. Kxf4 Bxc4 28. Kg3 Bxa2 29. Rhf1+ Bf7 30. Rf4 Qxc3 31. Raf1 Bd4 32. Qa2 Be5 0-1

[Event "11th LCC Rapid 2019"]
[Site "London"]
[Date "2019.12.07"]
[Round "4.7"]
[White "Cordes, Hans-Joerg"]
[Black "Mitra, Roman C"]
[Result "1-0"]
[WhiteElo "2207"]
[BlackElo "2132"]
[PlyCount "75"]
[EventDate "2019.12.08"]
[EventType "swiss"]
[EventCountry "ENG"]
[TimeControl "15+10"]
[WhiteClock "0:01:49"]
[BlackClock "0:02:58"]

1. d4 Nf6 2. c4 e6 3. Nc3 Bb4 4. Qc2 c5 5. dxc5 Bxc5 6. Nf3 Qb6 7. e3 Qc7 8. Be2 O-O 9. O-O a6 10. a3 b6 11. b4 Be7 12. Bb2 d6 13. Rac1 Nbd7 14. Bd3 Bb7 15. Ne4 h6 16. Qb1 Nxe4 17. Bxe4 a5 18. Nd4 axb4 19. axb4 Bxe4 20. Qxe4 Ne5 21. f4 Nd7 22. Rfd1 Nf6 23. Qc6 Qb8 24. Ra1 Rxa1 25. Rxa1 Rc8 26. Qf3 d5 27. cxd5 Nxd5 28. b5 Bf6 29. Nc6 Rxc6 30. Bxf6 Rc5 31. Bd4 Rxb5 32. Be5 Qe8 33. e4 Ne7 34. Qc3 f6 35. Bxf6 gxf6 36. Qxf6 Nc6 37. Ra3 Kh7 38. Rg3 1-0

[Event "11th LCC Rapid 2019"]
[Site "London"]
[Date "2019.12.07"]
[Round "4.8"]
[White "Walker, Samuel A"]
[Black "Fernandez, Michael"]
[Result "1-0"]
[WhiteElo "2039"]
[BlackElo "2186"]
[PlyCount "73"]
[EventDate "2019.12.08"]
[EventType "swiss"]
[EventCountry "ENG"]
[TimeControl "15+10"]
[WhiteClock "0:01:18"]
[BlackClock "0:02:07"]

1. Nf3 c5 2. b3 Nc6 3. Bb2 d6 4. g3 e5 5. d3 g6 6. Bg2 Bg7 7. O-O Nge7 8. c4 O-O 9. Nc3 a6 10. Qd2 h6 11. Nd5 Nxd5 12. cxd5 Ne7 13. b4 b6 14. bxc5 bxc5 15. Rab1 Bd7 16. Bc3 Bb5 17. Ba5 Qd7 18. Ne1 c4 19. dxc4 Bxc4 20. Nc2 Bxa2 21. Rb6 Bc4 22. Nb4 Rab8 23. Rxb8 Rxb8 24. Rc1 Qb5 25. Nc6 Nxc6 26. dxc6 d5 27. c7 Rc8 28. e4 Bf8 29. Bh3 f5 30. exf5 Ba3 31. Ra1 Bd6 32. fxg6 Rxc7 33. Bxc7 Bxc7 34. Qxh6 d4 35. Qh7+ Kf8 36. g7+ Ke8 37. g8=Q+ 1-0

[Event "11th LCC Rapid 2019"]
[Site "London"]
[Date "2019.12.07"]
[Round "4.9"]
[White "Stewart, Ashley"]
[Black "Mihalik, Agoston"]
[Result "1/2-1/2"]
[WhiteElo "2172"]
[BlackElo "2196"]
[PlyCount "131"]
[EventDate "2019.12.08"]
[EventType "swiss"]
[EventCountry "ENG"]
[TimeControl "15+10"]

1. c4 e5 2. g3 Nf6 3. Bg2 h6 4. Nc3 Bb4 5. d3 Bxc3+ 6. bxc3 c5 7. e4 O-O 8. f4 exf4 9. gxf4 d6 10. Nf3 Nc6 11. O-O a6 12. a4 Bd7 13. e5 Ne8 14. d4 Na5 15. Qd3 Rc8 16. d5 Nb3 17. Ra3 Nxc1 18. Rxc1 Bg4 19. Re1 Nc7 20. Rb3 Rb8 21. a5 Ne8 22. Rb6 Qd7 23. exd6 Bxf3 24. Qxf3 Nxd6 25. Qd3 Rfe8 26. Re5 Re7 27. Bh3 Qc7 28. Qe2 Rbe8 29. Rb1 Rxe5 30. fxe5 Qxa5 31. Qh5 Nxc4 32. e6 Nd6 33. exf7+ Nxf7 34. Be6 Rf8 35. Rf1 Qc7 36. d6 Qxd6 37. Bxf7+ Kh8 38. Qd5 Qe7 39. Qe6 Qg5+ 40. Kh1 b5 41. Qe2 c4 42. Qe6 a5 43. Rf5 Qc1+ 44. Kg2 Qc2+ 45. Rf2 Qxc3 46. Qe7 Qb4 47. Qe4 Qd6 48. Qd5 Qb6 49. Qe5 b4 50. Rf3 c3 51. Bb3 Qg6+ 52. Kf2 Rxf3+ 53. Kxf3 Qf6+ 54. Qxf6 gxf6 55. Kf4 Kg7 56. Kf5 h5 57. h4 Kh7 58. Kxf6 Kh8 59. Kg5 Kg7 60. Kxh5 Kh8 61. Kg5 Kg7 62. h5 Kh8 63. h6 a4 64. Bxa4 c2 65. Bxc2 b3 66. Bxb3 1/2-1/2

[Event "11th LCC Rapid 2019"]
[Site "London"]
[Date "2019.12.07"]
[Round "4.10"]
[White "Richardson, John R"]
[Black "Rahman, Asad"]
[Result "1-0"]
[WhiteElo "2241"]
[BlackElo "2200"]
[PlyCount "89"]
[EventDate "2019.12.08"]
[EventType "swiss"]
[EventCountry "ENG"]
[TimeControl "15+10"]
[WhiteClock "0:06:43"]
[BlackClock "0:07:43"]

1. d4 d5 2. c4 c6 3. Nc3 Nf6 4. Nf3 g6 5. cxd5 cxd5 6. Bf4 a6 7. h3 Bg7 8. e3 Nc6 9. Be2 O-O 10. O-O Bf5 11. Rc1 Rc8 12. Na4 Qa5 13. a3 Ne4 14. b4 Qd8 15. Nd2 e5 16. dxe5 Nxe5 17. Nxe4 dxe4 18. Nc5 Qe7 19. Qd5 b6 20. Nxa6 Rxc1 21. Rxc1 Rd8 22. Rc7 Rxd5 23. Rxe7 h6 24. Nc7 Rd2 25. Bxe5 Bxe5 26. Rxe5 Rxe2 27. g4 Bd7 28. Nd5 Be6 29. Nxb6 Ra2 30. a4 Kf8 31. Rxe4 Ke7 32. Rd4 h5 33. Kg2 hxg4 34. hxg4 Rc2 35. Nd5+ Kd6 36. Nf4+ Ke5 37. Nxe6 fxe6 38. b5 Ra2 39. Rb4 Kd6 40. b6 Kc5 41. b7 Kxb4 42. b8=Q+ Kxa4 43. Qe8+ Kb4 44. Qxe6 Ra5 45. Qxg6 1-0

[Event "11th LCC Rapid 2019"]
[Site "London"]
[Date "2019.12.07"]
[Round "4.11"]
[White "Makkar, Rajat"]
[Black "Abrahams, Daniel"]
[Result "0-1"]
[WhiteElo "2137"]
[BlackElo "2176"]
[PlyCount "108"]
[EventDate "2019.12.08"]
[EventType "swiss"]
[EventCountry "ENG"]
[TimeControl "15+10"]
[WhiteClock "0:12:09"]
[BlackClock "0:10:11"]

1. d4 Nf6 2. c4 e6 3. g3 Bb4+ 4. Bd2 a5 5. Bg2 d6 6. Nf3 Nbd7 7. O-O e5 8. Nc3 exd4 9. Nxd4 O-O 10. Qc2 Re8 11. Bg5 h6 12. Bf4 Ne5 13. Nd5 Bc5 14. Nb3 c6 15. Nxc5 cxd5 16. Bxe5 Rxe5 17. Nd3 Bf5 18. Qb3 Rxe2 19. Nf4 dxc4 20. Qxb7 Rb8 21. Qa7 Rexb2 22. Bd5 Nxd5 23. Nxd5 Qg5 24. Ne3 Be4 25. Nxc4 Qh5 26. Nxd6 Ba8 27. Rfd1 Qf3 28. Qxf7+ Qxf7 29. Nxf7 Kxf7 30. Rd7+ Ke6 31. Rdd1 Bf3 32. Re1+ Kf5 33. h3 g5 34. Rac1 R8b5 35. g4+ Kf6 36. Rc3 Bd5 37. a4 Rb1 38. axb5 Rxe1+ 39. Kh2 Rh1+ 40. Kg3 Rg1+ 41. Kh2 Rg2+ 42. Kh1 Rg3+ 43. f3 Rxf3 44. Rc5 Ke5 45. Kg1 a4 46. b6 a3 47. b7 Rb3 48. Ra5 Rb1+ 49. Kf2 a2 50. Ke3 Rxb7 51. h4 Rb1 52. hxg5 hxg5 53. Ra4 a1=Q 54. Re4+ Bxe4 0-1

[Event "11th LCC Rapid 2019"]
[Site "London"]
[Date "2019.12.07"]
[Round "4.12"]
[White "Royal, Shreyas"]
[Black "Salem, Ihab"]
[Result "1-0"]
[WhiteElo "1941"]
[BlackElo "2071"]
[PlyCount "61"]
[EventDate "2019.12.08"]
[EventType "swiss"]
[EventCountry "ENG"]
[TimeControl "15+10"]
[WhiteClock "0:01:47"]
[BlackClock "0:03:48"]

1. d4 Nf6 2. c4 g6 3. Nc3 d5 4. cxd5 Nxd5 5. e4 Nxc3 6. bxc3 Bg7 7. Bc4 c5 8. Be3 O-O 9. Ne2 Nc6 10. O-O b6 11. Qd2 Bb7 12. f3 Na5 13. Bd3 Rc8 14. Rac1 e5 15. d5 c4 16. Bc2 f5 17. f4 fxe4 18. Bxe4 Qh4 19. Bf3 Rce8 20. fxe5 Bxe5 21. g3 Qd8 22. Nf4 Bd6 23. Ne6 Rxe6 24. dxe6 Rxf3 25. Rfd1 Qf8 26. Qxd6 Rf1+ 27. Rxf1 Qxd6 28. Bh6 Bd5 29. Rcd1 Qc5+ 30. Rf2 Nb3 31. Rxd5 1-0

[Event "11th LCC Rapid 2019"]
[Site "London"]
[Date "2019.12.07"]
[Round "4.13"]
[White "Brozel, Sacha"]
[Black "Leslie, Alex"]
[Result "1-0"]
[WhiteElo "2188"]
[BlackElo "1875"]
[PlyCount "49"]
[EventDate "2019.12.08"]
[EventType "swiss"]
[EventCountry "ENG"]
[TimeControl "15+10"]

1. g3 d5 2. Nf3 c6 3. Bg2 Bf5 4. c4 e6 5. O-O Nf6 6. cxd5 exd5 7. d3 Bd6 8. Nc3 O-O 9. Qc2 h6 10. e4 dxe4 11. dxe4 Bh7 12. Qb3 Nxe4 13. Qxb7 Nd7 14. Rd1 Ndf6 15. Nxe4 Nxe4 16. Nd4 Qf6 17. Be3 Rab8 18. Qxc6 Rfc8 19. Qa6 Bc5 20. Qxf6 Nxf6 21. Nc6 Be4 22. Nxb8 Bxe3 23. fxe3 Rxb8 24. b3 Re8 25. Bxe4 1-0

[Event "11th LCC Rapid 2019"]
[Site "London"]
[Date "2019.12.07"]
[Round "4.14"]
[White "Harakis, Alexis M"]
[Black "Thatte, Nishchal"]
[Result "1-0"]
[WhiteElo "2267"]
[BlackElo "1723"]
[PlyCount "93"]
[EventDate "2019.12.08"]
[EventType "swiss"]
[EventCountry "ENG"]
[TimeControl "15+10"]

1. d4 Nf6 2. c4 e6 3. Nc3 Bb4 4. Nf3 b6 5. Qb3 c5 6. Bg5 Nc6 7. d5 exd5 8. cxd5 Na5 9. Qd1 d6 10. e3 O-O 11. a3 Bxc3+ 12. bxc3 h6 13. Bh4 Bb7 14. c4 b5 15. cxb5 Bxd5 16. Rb1 Be4 17. Bd3 Bxd3 18. Qxd3 Rc8 19. O-O Qe7 20. a4 Rfd8 21. Rfc1 d5 22. Qc3 Nc4 23. Bxf6 Qxf6 24. Qxf6 gxf6 25. e4 Ne5 26. exd5 Rxd5 27. Nxe5 fxe5 28. Rc4 Rd4 29. Rbc1 Kf8 30. Kf1 Rxc4 31. Rxc4 Ke7 32. Ke2 Ke6 33. Rh4 Rh8 34. Kd3 Kd5 35. Rh5 Rg8 36. g3 Rg6 37. f4 f6 38. f5 c4+ 39. Kc3 Rg5 40. Rxg5 hxg5 41. h4 gxh4 42. gxh4 e4 43. h5 e3 44. h6 e2 45. Kd2 c3+ 46. Kxe2 Kc4 47. Kd1 1-0

[Event "11th LCC Rapid 2019"]
[Site "London"]
[Date "2019.12.07"]
[Round "4.15"]
[White "Lucchi, Lorenzo"]
[Black "Kerr, Duncan"]
[Result "0-1"]
[WhiteElo "2089"]
[BlackElo "1902"]
[PlyCount "99"]
[EventDate "2019.12.08"]
[EventType "swiss"]
[EventCountry "ENG"]
[TimeControl "15+10"]
[WhiteClock "0:02:48"]
[BlackClock "0:07:26"]

1. e4 e5 2. Nf3 Nc6 3. Bc4 Nf6 4. d3 h6 5. c3 g6 6. d4 Qe7 7. O-O Bg7 8. Qe2 O-O 9. dxe5 Nxe5 10. Nxe5 Qxe5 11. f4 Qxe4 12. Qxe4 Nxe4 13. f5 Nd6 14. Bd3 Nxf5 15. Bxf5 gxf5 16. Na3 c6 17. Nc4 d5 18. Nd6 Rd8 19. Bf4 b6 20. Bg3 c5 21. Rae1 Be6 22. Nxf5 Bxf5 23. Rxf5 Rd7 24. Bh4 Rc8 25. Rd1 d4 26. c4 Rc6 27. Rd3 Re6 28. b3 Re4 29. g3 Re5 30. Rf4 Rd6 31. Rdf3 d3 32. Rf1 d2 33. Rd1 Re1+ 34. Rf1 Bc3 35. g4 Rxd1 36. Rxd1 Rg6 37. h3 f5 38. Kf2 fxg4 39. hxg4 Rxg4 40. Bg3 Re4 41. Kf1 Re1+ 42. Bxe1 dxe1=Q+ 43. Rxe1 Bxe1 44. Kxe1 Kf7 45. Kf2 Ke6 46. Kf3 Ke5 47. Ke3 h5 48. a3 h4 49. b4 h3 50. Kf3 0-1

[Event "11th LCC Rapid 2019"]
[Site "London"]
[Date "2019.12.07"]
[Round "4.16"]
[White "Marusenko, Petr"]
[Black "Ignatovic, Ernest"]
[Result "1-0"]
[WhiteElo "2085"]
[BlackElo "1703"]
[PlyCount "53"]
[EventDate "2019.12.08"]
[EventType "swiss"]
[EventCountry "ENG"]
[TimeControl "15+10"]
[WhiteClock "0:05:40"]
[BlackClock "0:14:43"]

1. d4 Nf6 2. c4 d6 3. g3 g6 4. Bg2 Bg7 5. Nc3 O-O 6. Nf3 Nbd7 7. O-O e5 8. h3 Rb8 9. e4 b6 10. Re1 exd4 11. Nxd4 Bb7 12. Be3 Re8 13. Qc2 Nc5 14. f3 Nh5 15. Kh2 a5 16. Bf2 Qg5 17. f4 Qh6 18. Ndb5 Re7 19. Nd5 Bxd5 20. exd5 Rbe8 21. Nxc7 Rxe1 22. Rxe1 Rxe1 23. Bxe1 Nf6 24. Qe2 Qh5 25. g4 Qh6 26. g5 Qh5 27. Bf3 1-0

[Event "11th LCC Rapid 2019"]
[Site "London"]
[Date "2019.12.07"]
[Round "4.17"]
[White "Ortiz Sanchez, Luis"]
[Black "Willmoth, Robert F"]
[Result "1/2-1/2"]
[WhiteElo "1947"]
[BlackElo "2111"]
[PlyCount "89"]
[EventDate "2019.12.08"]
[EventType "swiss"]
[EventCountry "ENG"]
[TimeControl "15+10"]
[WhiteClock "0:01:36"]
[BlackClock "0:03:48"]

1. d3 e5 2. Nd2 Nc6 3. e4 Bc5 4. Nc4 d5 5. exd5 Qd7 6. d6 Qxd6 7. Qf3 Qe6 8. Ne2 Nf6 9. Qg3 Bd7 10. Be3 Bxe3 11. fxe3 O-O 12. Nc3 Nb4 13. Rc1 Rfe8 14. Be2 b5 15. Nd2 Nxa2 16. Nxa2 Qxa2 17. b3 Qa5 18. Rf1 Qb6 19. Rf2 a5 20. Kf1 a4 21. bxa4 bxa4 22. Nc4 Qe6 23. Kg1 a3 24. Bf3 e4 25. Be2 a2 26. Rff1 Nd5 27. h3 f5 28. dxe4 Qxe4 29. Bd3 Qe7 30. Ra1 Bb5 31. Rxf5 c6 32. Re5 Qb4 33. Qh4 Nf6 34. Rxe8+ Rxe8 35. Qd4 c5 36. Qb2 Qxb2 37. Nxb2 Bxd3 38. Nxd3 Ra8 39. Nxc5 Nd5 40. Nb3 Nc3 41. Kf1 Rd8 42. Ke1 Kf7 43. Nd4 Rb8 44. Nb3 Rd8 45. Nd4 {[%emt 0:00:00] Ke6 [%clk 00:01:26] [%emt 00:00:08]} 1/2-1/2

[Event "11th LCC Rapid 2019"]
[Site "London"]
[Date "2019.12.07"]
[Round "4.18"]
[White "Stoyanov, Viktor"]
[Black "Dupuis, Denis K"]
[Result "1-0"]
[WhiteElo "2272"]
[BlackElo "1599"]
[PlyCount "99"]
[EventDate "2019.12.08"]
[EventType "swiss"]
[EventCountry "ENG"]
[TimeControl "15+10"]
[WhiteClock "0:06:57"]
[BlackClock "0:07:37"]

1. e4 e5 2. Nf3 Nc6 3. Bb5 f5 4. d3 fxe4 5. dxe4 Nf6 6. O-O Bc5 7. Qe2 d6 8. c3 O-O 9. b4 Bb6 10. a4 a6 11. Bc4+ Kh8 12. Bg5 h6 13. Bh4 Qe8 14. Nbd2 Bg4 15. h3 Bxf3 16. Nxf3 Qg6 17. Nd2 Nh5 18. Qg4 Qxg4 19. hxg4 Nf6 20. Be2 g5 21. Bg3 d5 22. b5 axb5 23. axb5 Rxa1 24. Rxa1 Na7 25. Bxe5 Kg8 26. Bd4 c5 27. Bxf6 Rxf6 28. exd5 c4 29. Bf3 Nxb5 30. Nxc4 Nxc3 31. Ra8+ Kg7 32. Rb8 Bc5 33. Rxb7+ Rf7 34. Rb2 Rd7 35. Rd2 Kf6 36. Rd3 Nb5 37. Nd2 Ke5 38. Nc4+ Kf6 39. Kf1 Nd4 40. Be4 Ra7 41. Rd1 Ra2 42. Bb1 Ra1 43. Ne3 Ke5 44. g3 Nb3 45. Nc4+ Kf6 46. d6 Ke6 47. Bf5+ Kf7 48. Ne5+ Kf6 49. Nd7+ Kf7 50. Rxa1 1-0

[Event "11th LCC Rapid 2019"]
[Site "London"]
[Date "2019.12.07"]
[Round "4.19"]
[White "Orgler, Philipp"]
[Black "Akeya-Price, Robert"]
[Result "0-1"]
[WhiteElo "2056"]
[BlackElo "1880"]
[PlyCount "56"]
[EventDate "2019.12.08"]
[EventType "swiss"]
[EventCountry "ENG"]
[TimeControl "15+10"]
[WhiteClock "0:08:47"]
[BlackClock "0:08:47"]

1. b3 d5 2. Bb2 Nf6 3. e3 g6 4. Nf3 Bg7 5. d4 O-O 6. Bd3 Bg4 7. Nbd2 Nbd7 8. O-O Re8 9. h3 Bf5 10. Ne5 Bxd3 11. cxd3 c5 12. dxc5 Nxc5 13. d4 Nce4 14. Nxe4 Nxe4 15. Rc1 Rc8 16. Rxc8 Qxc8 17. Qd3 Qf5 18. f3 Ng3 19. Qxf5 gxf5 20. Re1 Rc8 21. Ba3 Bf6 22. Kh2 Bh4 23. Rc1 Rxc1 24. Bxc1 Ne2 25. Ba3 Bg3+ 26. Kh1 e6 27. Bb4 Bf2 28. Bd2 Ng3+ {[%emt 0:00:00] Bc1 [%emt 00:00:06]} 0-1

[Event "11th LCC Rapid 2019"]
[Site "London"]
[Date "2019.12.07"]
[Round "4.20"]
[White "Kuzhelev, Timur"]
[Black "Karumazondo, Ragarirai Ernest"]
[Result "1-0"]
[WhiteElo "1745"]
[BlackElo "1900"]
[PlyCount "67"]
[EventDate "2019.12.08"]
[EventType "swiss"]
[EventCountry "ENG"]
[TimeControl "15+10"]
[WhiteClock "0:00:12"]
[BlackClock "0:12:32"]

1. e4 c5 2. Nf3 Nc6 3. Nc3 Nf6 4. d3 e6 5. g3 d5 6. exd5 exd5 7. Bg2 Bg4 8. O-O Be7 9. Bf4 Qd7 10. Qd2 h6 11. Rfe1 g5 12. Be5 O-O-O 13. d4 Rhg8 14. Bxf6 Bxf6 15. dxc5 h5 16. Rad1 d4 17. Nb5 h4 18. Nd6+ Kb8 19. b4 hxg3 20. fxg3 Bxf3 21. Bxf3 g4 22. Bxc6 Qxc6 23. Qf4 Bg5 24. Qxd4 f5 25. Qd5 Qd7 26. c4 f4 27. Nf7 Qxd5 28. cxd5 Rdf8 29. Nxg5 Rxg5 30. d6 fxg3 31. hxg3 a5 32. d7 Rd8 33. b5 Rxc5 34. Re8 1-0

[Event "11th LCC Rapid 2019"]
[Site "London"]
[Date "2019.12.07"]
[Round "4.21"]
[White "Jezierski, Colum"]
[Black "Rushbrooke, Tibo"]
[Result "1-0"]
[WhiteElo "1908"]
[BlackElo "1730"]
[PlyCount "35"]
[EventDate "2019.12.08"]
[EventType "swiss"]
[EventCountry "ENG"]
[TimeControl "15+10"]
[WhiteClock "0:01:47"]
[BlackClock "0:09:00"]

1. e4 e5 2. Nf3 Nc6 3. Bb5 a6 4. Ba4 Nf6 5. d3 Bc5 6. O-O d6 7. h3 O-O 8. c3 Ba7 9. Bg5 h6 10. Bh4 g5 11. Nxg5 Nxe4 12. Nf3 Ng5 13. Kh1 Kh8 14. Nxg5 hxg5 15. Qh5+ Kg8 16. Bxg5 Qd7 17. Bf6 Qf5 18. Qh8# 1-0

[Event "11th LCC Rapid 2019"]
[Site "London"]
[Date "2019.12.07"]
[Round "4.22"]
[White "Onslow, Teddy"]
[Black "Conway, Paul Bernard"]
[Result "1-0"]
[WhiteElo "1746"]
[BlackElo "1837"]
[PlyCount "100"]
[EventDate "2019.12.08"]
[EventType "swiss"]
[EventCountry "ENG"]
[TimeControl "15+10"]
[BlackClock "0:00:19"]

1. d4 Nf6 2. Bf4 d6 3. Nc3 Nbd7 4. e4 e5 5. dxe5 dxe5 6. Bg5 Be7 7. Nf3 c6 8. Qd2 b5 9. Bxf6 Bxf6 10. a3 O-O 11. O-O-O a5 12. g4 b4 13. Nb1 Be7 14. h4 bxa3 15. Nxa3 Bxa3 16. bxa3 Qe7 17. Qd6 Qxd6 18. Rxd6 Nc5 19. Bd3 Bxg4 20. Nxe5 Nxd3+ 21. cxd3 Be6 22. Rxc6 f6 23. Nc4 Bf7 24. Kd2 Rfd8 25. Rb1 a4 26. Ke3 h6 27. Rc7 Rab8 28. Rbb7 Rxb7 29. Rxb7 Kf8 30. f4 g5 31. fxg5 fxg5 32. hxg5 hxg5 33. Ne5 Bb3 34. Ng6+ Kg8 35. d4 Rd6 36. Ne7+ Kf8 37. Nf5 Rf6 38. Rd7 Be6 39. Rd8+ Kf7 40. Ng3 g4 41. Ke2 Rf3 42. Nh5 Rxa3 43. d5 Ke7 44. Ra8 Bd7 45. Rg8 Bb5+ 46. Kf2 Rf3+ 47. Kg2 Bd7 48. e5 Rf8 49. Rg7+ Rf7 50. Rg8 Rh7 1-0

[Event "11th LCC Rapid 2019"]
[Site "London"]
[Date "2019.12.07"]
[Round "4.23"]
[White "Phillips, David A"]
[Black "Watson, Jacob"]
[Result "0-1"]
[WhiteElo "2055"]
[BlackElo "1922"]
[PlyCount "50"]
[EventDate "2019.12.08"]
[EventType "swiss"]
[EventCountry "ENG"]
[TimeControl "15+10"]
[WhiteClock "0:07:34"]
[BlackClock "0:00:21"]

1. d4 d5 2. Bf4 Nf6 3. e3 e6 4. Nf3 Nbd7 5. c3 b6 6. Nbd2 Bb7 7. Bd3 Be7 8. Qe2 c5 9. Ne5 O-O 10. h4 Ne4 11. Nxd7 Qxd7 12. Nxe4 dxe4 13. Bc2 Bd6 14. Qg4 f5 15. Qg3 Bxf4 16. Qxf4 cxd4 17. exd4 Bd5 18. Qe5 Rac8 19. Rh3 Qc7 20. Qxc7 Rxc7 21. Re3 Rcf7 22. O-O-O b5 23. Kb1 Rb7 24. Rde1 b4 25. Ka1 Rfb8 0-1

[Event "11th LCC Rapid 2019"]
[Site "London"]
[Date "2019.12.07"]
[Round "4.24"]
[White "Clarke, Connor"]
[Black "Nayak, Raghav"]
[Result "1/2-1/2"]
[WhiteElo "1704"]
[BlackElo "1914"]
[PlyCount "153"]
[EventDate "2019.12.08"]
[EventType "swiss"]
[EventCountry "ENG"]
[TimeControl "15+10"]
[WhiteClock "0:00:39"]
[BlackClock "0:01:48"]

1. d4 Nf6 2. Nc3 d5 3. Bf4 g6 4. e3 Bg7 5. h4 h5 6. Nf3 a6 7. Ne5 Bf5 8. Bd3 Bxd3 9. Qxd3 Nbd7 10. Rh3 c5 11. Nxd7 Qxd7 12. dxc5 O-O 13. O-O-O Rfd8 14. f3 Rac8 15. Be5 Rxc5 16. Bd4 Rc6 17. Bxf6 Rxf6 18. e4 Rd6 19. exd5 Bxc3 20. Qxc3 Rxd5 21. Rxd5 Qxd5 22. Rh1 Qxa2 23. Qa3 Qxa3 24. bxa3 e5 25. Re1 f6 26. Re3 Rd4 27. g3 Kf7 28. Rc3 Ke6 29. Rc7 Rd7 30. Rc8 Kf5 31. Rg8 g5 32. hxg5 fxg5 33. Rh8 Kg6 34. Re8 Rd5 35. Rg8+ Kh6 36. Rh8+ Kg7 37. Rxh5 Kg6 38. Rh8 Rd7 39. Rg8+ Kh6 40. Rf8 Kg6 41. Re8 Rf7 42. Rxe5 Rxf3 43. g4 Rxa3 44. Re6+ Kf7 45. Re5 Kf6 46. Rf5+ Kg6 47. Rd5 Ra4 48. Rd6+ Kf7 49. Rd7+ Ke8 50. Rxb7 Rxg4 51. Ra7 Ra4 52. Rg7 Ra5 53. Kd2 Kf8 54. Rc7 g4 55. Ke3 g3 56. Kf3 Rg5 57. Kg2 a5 58. Ra7 Ke8 59. c4 Kd8 60. c5 Rxc5 61. Kxg3 Kc8 62. Kf3 Kb8 63. Rh7 Re5 64. Rh2 Kb7 65. Re2 Rd5 66. Ke3 Kb6 67. Rd2 Rc5 68. Kd3 Kb5 69. Rc2 Rh5 70. Kc3 Rh3+ 71. Kb2 Kb4 72. Rg2 Rh4 73. Rf2 a4 74. Rg2 a3+ 75. Ka2 Rf4 76. Rh2 Re4 77. Rg2 1/2-1/2

[Event "11th LCC Rapid 2019"]
[Site "London"]
[Date "2019.12.07"]
[Round "4.25"]
[White "Jain, Gautam"]
[Black "Trivedi, Aarnavh"]
[Result "1-0"]
[WhiteElo "1900"]
[BlackElo "1761"]
[PlyCount "115"]
[EventDate "2019.12.08"]
[EventType "swiss"]
[EventCountry "ENG"]
[TimeControl "15+10"]
[WhiteClock "0:04:31"]
[BlackClock "0:01:45"]

1. e4 c6 2. d4 d5 3. Nd2 dxe4 4. Nxe4 Bf5 5. Ng3 Bg6 6. h4 h6 7. Nh3 e6 8. Nf4 Bh7 9. Be3 Bd6 10. Bc4 Nf6 11. Ngh5 Bxf4 12. Nxf4 Nbd7 13. Bd3 Bxd3 14. Nxd3 Qe7 15. Qd2 a5 16. c4 a4 17. Qc2 e5 18. dxe5 Nxe5 19. O-O-O a3 20. b3 O-O 21. Rhe1 Nxd3+ 22. Qxd3 Rfd8 23. Bd4 Qd6 24. Qf3 c5 25. Bxf6 Qxf6 26. Qxf6 gxf6 27. Re7 Rxd1+ 28. Kxd1 b6 29. Rb7 Ra6 30. Kd2 Kg7 31. Ke3 f5 32. Kf4 Kf6 33. Rb8 h5 34. f3 Ke6 35. Kg5 f6+ 36. Kxh5 Ke5 37. Kg6 b5 38. Rxb5 Kd4 39. Kxf5 Kc3 40. Rxc5 Kb2 41. b4 Kxa2 42. b5 Rd6 43. Rc8 Kb2 44. c5 Rd3 45. Ra8 Rd5+ 46. Kxf6 Rxc5 47. g4 Rxb5 48. f4 Kb3 49. f5 Rb6+ 50. Kg5 Rc6 51. f6 Rc5+ 52. Kg6 Rc6 53. g5 Rb6 54. h5 a2 55. h6 Rb4 56. Rxa2 Kxa2 57. h7 Rh4 58. f7 1-0

[Event "11th LCC Rapid 2019"]
[Site "London"]
[Date "2019.12.07"]
[Round "4.26"]
[White "Kirupakaran, Vishnu"]
[Black "Watson, Mikey J"]
[Result "1/2-1/2"]
[WhiteElo "1871"]
[BlackElo "1973"]
[PlyCount "62"]
[EventDate "2019.12.08"]
[EventType "swiss"]
[EventCountry "ENG"]
[TimeControl "15+10"]
[WhiteClock "0:00:27"]
[BlackClock "0:00:11"]

1. e4 c6 2. d4 d5 3. e5 Bf5 4. h4 h5 5. Bd3 Bxd3 6. Qxd3 e6 7. Bg5 Be7 8. Nf3 Nd7 9. Nbd2 Bxg5 10. Nxg5 Qe7 11. c4 Nh6 12. O-O Nf5 13. g3 O-O 14. Rad1 Rfd8 15. Ndf3 Nf8 16. Qe2 Rac8 17. a3 dxc4 18. Qxc4 Rd5 19. Ne4 Rcd8 20. Nc3 R5d7 21. Ne4 Ng6 22. Nc5 Rd5 23. Ne4 Qc7 24. Nc3 R5d7 25. b4 Qb6 26. Ne2 a5 27. Rd2 axb4 28. axb4 Ra8 29. Ng5 Qa6 30. Qc3 Qa3 31. Qc4 Qa6 1/2-1/2

[Event "11th LCC Rapid 2019"]
[Site "London"]
[Date "2019.12.07"]
[Round "4.28"]
[White "Chakanyuka, Charles"]
[Black "Tombolis, Christopher"]
[Result "0-1"]
[WhiteElo "1995"]
[BlackElo "1875"]
[PlyCount "204"]
[EventDate "2019.12.08"]
[EventType "swiss"]
[EventCountry "ENG"]
[TimeControl "15+10"]
[WhiteClock "0:13:01"]
[BlackClock "0:00:24"]

1. c4 Nf6 2. Nc3 d5 3. cxd5 Nxd5 4. Nf3 g6 5. g3 Bg7 6. Bg2 c6 7. O-O O-O 8. e4 Nxc3 9. bxc3 Bg4 10. d4 c5 11. Bb2 cxd4 12. cxd4 Nc6 13. e5 e6 14. h3 Bf5 15. Nh4 Qb6 16. Ba3 Rfd8 17. Bc5 Qa5 18. Nxf5 gxf5 19. Bxc6 bxc6 20. Qf3 Rd5 21. Rfc1 Bxe5 22. dxe5 Rxc5 23. Rxc5 Qxc5 24. Qf4 Qe7 25. Rc1 Rc8 26. h4 Kg7 27. h5 h6 28. Rc3 Qg5 29. Qa4 Qd2 30. Re3 a5 31. Qb3 c5 32. Qb7 Qd1+ 33. Kh2 Qxh5+ 34. Kg2 Rd8 35. Qf3 Qxf3+ 36. Rxf3 Rd5 37. Ra3 c4 38. f4 c3 39. Rxc3 Rd2+ 40. Kh3 Rxa2 41. Rc8 a4 42. Ra8 a3 43. Ra7 Ra1 44. Kg2 Kg6 45. Ra8 a2 46. Rg8+ Kh7 47. Ra8 Kg7 48. Kh2 f6 49. Ra7+ Kg6 50. exf6 Kxf6 51. Ra6 Ke7 52. Kg2 Kd7 53. Kh2 Kc7 54. Kg2 Kb7 55. Ra3 Kb6 56. Ra8 Kc5 57. Rc8+ Kd4 58. Rd8+ Ke4 59. Ra8 h5 60. Ra4+ Ke3 61. Ra3+ Kd2 62. Ra6 Kc3 63. Rc6+ Kb4 64. Ra6 Kc5 65. Ra8 Kd5 66. Rd8+ Ke4 67. Ra8 Kd5 68. Rd8+ Kc6 69. Ra8 Kd6 70. Rd8+ Kc6 71. Ra8 Kd7 72. Ra7+ Kd6 73. Ra8 Ke7 74. Ra7+ Kf6 75. Ra8 Kg6 76. Rg8+ Kh7 77. Ra8 h4 78. gxh4 Kg6 79. Ra4 Kh5 80. Ra8 Kxh4 81. Ra7 Kg4 82. Ra4 Kh4 83. Kh2 Rf1 84. Rxa2 Rxf4 85. Kg2 Rg4+ 86. Kf2 Kg5 87. Ra6 e5 88. Re6 Kf4 89. Ra6 e4 90. Ra3 Rh4 91. Kg2 Rg4+ 92. Kf2 e3+ 93. Kf1 Kf3 94. Rb3 f4 95. Ra3 Rg5 96. Rb3 Rc5 97. Rb1 Rc3 98. Ra1 Kg3 99. Rb1 f3 100. Ra1 Rd3 101. Ke1 e2 102. Rb1 Rd1+ 0-1